 Dungeon Sprint DCSS version 0.31-a0-366-ga77b45bd9b (webtiles) character file.

Game seed: 7817137620460988204

8334 Conn the Scorcher (level 11, -1/64 HPs)
             Began as an Octopode Fire Elementalist on July 28, 2023.
             Was a High Priest of Sif Muna.
             Shot with an arrow by a deep elf master archer (30 damage)
             ... in the Dungeon (Sprint III: "The Ten Rune Challenge").
             The game lasted 00:15:47 (2210 turns).

Conn the Scorcher (Octopode Fire Elementalist)      Turns: 2210, Time: 00:15:51

Health: -1/64      AC:  1    Str:  8    XL:     11   Next: 29%
Magic:  29/29      EV: 15    Int: 22    God:    Sif Muna [*****.]
Gold:   1483       SH:  0    Dex: 12    Spells: 5/39 levels left

rFire   . . .        m - +0 dagger (venom)
rCold   . . .        (no shield)
rNeg    . . .        (helmet restricted)
rPois   +            (no amulet)
rElec   .            (no ring)
rCorr   .            (no ring)
SInv    .            (no ring)
Will    .....        (no ring)
Stlth   ++++         (no ring)
HPRegen 0.30/turn    (no ring)
MPRegen 0.21/turn    (no ring)
                     (no ring)

%: no teleportation, random rage (3%)
@: no status effects
A: almost no armour, amphibious, 8 rings, camouflage 1, gelatinous body 1,
(nimble swimmer 1), tentacles, berserk 1, poison resistance, screaming 1, wild
magic 1
a: Renounce Religion, Channel Magic, Forget Spell, Divine Exegesis


You were in the Dungeon.
You worshipped Sif Muna.
Sif Muna was extremely pleased with you.
You visited 1 branch You collected 2263 gold pieces.
You spent 780 gold pieces at shops.

Inventory:

Hand Weapons
 e - a +2 long sword of holy wrath
 g - a +0 sling
 m - a +0 dagger of venom (weapon)
Wands
 d - a wand of flame (22)
Potions
 a - 3 potions of magic
 b - 2 potions of curing
 c - 2 potions of heal wounds
 k - a potion of enlightenment
 l - 4 potions of mutation
Miscellaneous
 f - a phial of floods


   Skills:
 * Level 2.1 Fighting
 + Level 5.6 Dodging
 - Level 6.0 Stealth
 + Level 14.5 Spellcasting
 * Level 9.2 Conjurations
 + Level 2.4 Hexes
 + Level 6.5 Summonings
 + Level 15.7 Fire Magic
 * Level 5.9 Air Magic
 + Level 3.1 Poison Magic
 * Level 6.5 Invocations


You had 5 spell levels left.
You knew the following spells:

 Your Spells              Type           Power      Damage    Failure   Level
a - Foxfire               Conj/Fire      100%       2x1d9     1%          1
b - Scorch                Fire           100%       2d9       1%          2
c - Inner Flame           Hex/Fire       64%        N/A       1%          3
d - Flame Wave            Conj/Fire      75%        2d17      1%          4
e - Dazzling Flash        Conj/Hex       100%       N/A       2%          3
f - Fireball              Conj/Fire      37%        3d15      1%          5
g - Mephitic Cloud        Conj/Pois/Air  54%        N/A       1%          3
h - Summon Guardian Gole  Hex/Summ       46%        N/A       3%          3
i - Plasma Beam           Fire/Air       35%        2x1d48    11%         6
j - Call Canine Familiar  Summ           55%        N/A       1%          3
k - Summon Small Mammal   Summ           100%       N/A       1%          1

Your spell library contained the following spells:

 Spells                   Type           Power      Damage    Failure   Level
 Shock                    Conj/Air       100%       1d9       1%          1
 Static Discharge         Conj/Air       100%       2-7/arc   1%          2
 Volatile Blastmotes      Fire/Tloc      100%       2d18      1%          3
 Iskenderun's Battlesphe  Conj           65%        2d11      4%          5
 Olgreb's Toxic Radiance  Pois           38%        N/A       16%         4
 Silence                  Hex/Air        22%        N/A       26%         5
 Leda's Liquefaction      Hex/Erth       13%        N/A       30%         4
 Metabolic Englaciation   Hex/Ice        13%        N/A       63%         5
 Agony                    Necr           20%        N/A       78%         5
 Borgnjor's Vile Clutch   Necr/Erth      10%        N/A       78%         5
 Conjure Ball Lightning   Conj/Air       29%        3x3d8     34%         6
 Orb of Destruction       Conj           32%        9d10      65%         7
 Eringya's Noxious Bog    Tmut/Pois      14%        4d6       98%         6
 Maxwell's Capacitive Co  Air            26%        ∞         100%        8


Dungeon Overview and Level Annotations

Branches:
Dungeon (1/1)

Altars:
Cheibriados
Dithmenos
Elyvilon
Fedhas
Gozag
Hepliaklqana
Kikubaaqudgha
Makhleb
Nemelex Xobeh
Okawaru
Qazlal
Ru
Sif Muna
Trog
Uskayaw
Vehumet
Wu Jian
Xom
Yredelemnul
Zin
The Shining One
Jiyva
Lugonu

Shops:
D :


Innate Abilities, Weirdness & Mutations

You cannot wear most types of armour.
You are amphibious.
You can wear up to eight rings at the same time.
Your skin changes colour to match your surroundings (Stealth+).
Your rubbery body absorbs attacks. (AC +1, EV +1)
((You are camouflaged when in or above water. (Stealth+)))
You have tentacles for arms and can constrict up to eight enemies at once.
You sometimes lose your temper in combat.
Your system is resistant to poisons. (rPois)
You occasionally shout uncontrollably at your foes.
Your spells are a little harder to cast, but a little more powerful.


Message History

A deep elf death mage comes into view.
It is wielding the staff "Qihetz" {rPois Dex+3 Conj} and wearing a +1 robe of poison resistance.
Your Conjurations skill increases to level 9!
Your Summonings skill increases to level 6!
Your Poison Magic skill increases to level 3!
Your Invocations skill increases to level 6!
Unknown command.
Casting: Fireball (dangerous; 1% risk of failure)
Confirm with . or Enter, or press ? or * to list all spells.
You can't see any susceptible monsters within range! (Use Z to cast anyway.)
Casting: Fireball (dangerous; 1% risk of failure)
Confirm with . or Enter, or press ? or * to list all spells.
The spell is quite dangerous to miscast (12% risk of failure)!
Continue anyway?
Casting: Plasma Beam (quite dangerous; 12% risk of failure)
Press: ? - help, Dir - look around, f - activate The bolt of lightning hits the deep elf death mage!!!
The deep elf death mage is severely wounded.
Sif Muna accepts your kill.
You see here Sif Muna's Grimoire of Destined Vapour {god gift}.
Sif Muna grants you a gift!
You feel a bit more experienced.
Unknown command.
You pick up Sif Muna's Grimoire of Destined Vapour {god gift} and begin reading...
You add the spells Static Discharge, Metabolic Englaciation and Maxwell's Capacitive Coupling to your library.
You start resting.
Magic restored.
You enter the deep water.
A deep elf master archer comes into view.
It is wielding a +0 longbow and wearing a +1 chain mail of poison resistance.
The deep elf master archer shouts!
You hear a shout!
The deep elf master archer shoots an arrow.
The arrow barely misses you.
Unknown command.
Unknown command.
Unknown command.
A deep elf annihilator comes into view.
It is wielding a +1 morningstar of protection and wearing the +0 robe of Hangman {rPois}.
The deep elf master archer shoots an arrow.
The arrow hits you!!
Ouch! That really hurt!
The deep elf master archer shoots an arrow.
The arrow hits you!!
You die...

▓▓▓ ▓▓▓▓▓
###.####.).####### #######
##.##∩.##).'.#...# ....'..
#.........##.#...##≈≈≈≈##.
#........)##)#...≈≈≈[.ee..
#..))......#)#..@##≈≈≈≈##.
#.##).#.##.#.'...# .[..'..
#..).##...######## #######
#'######### #..~~~'.#
#.#~~~#.# ).#.§.#.#
#.#...#.E ▓▓▓▓▓▓▓▓▓▓


You could see a deep elf master archer and a deep elf annihilator.

Vanquished Creatures
  3 deep elf demonologists (D)
  Snorg (D)
  2 deep elf death magi (D)
  An orc high priest (D)
  3 deep elf pyromancers (D)
  3 deep elf zephyrmancers (D)
  A shadow (D)
  A spatial vortex (D)
  3 orc warriors (D)
  A water elemental (D)
  A necrophage (D)
  A jelly (D)
  3 orc priests (D)
  A wizard (D)
  An orc wizard (D)
  A necromancer (D)
  3 humans (D)
  A kobold demonologist (D)
  A phantom (D)
  10 orcs (D)
  An endoplasm (D)
  3 rats (D)
46 creatures vanquished.

Vanquished Creatures (others)
  118 foxfires (D)
118 creatures vanquished.

Grand Total: 164 creatures vanquished

Notes
Turn   | Place    | Note
-------+----------+-------------------------------------------
     0 | D        | Conn the Octopode Fire Elementalist began the quest for the
                  | Orb.
     0 | D        | Reached XP level 1. HP: 11/11 MP: 3/3
    99 | D        | Reached skill level 4 in Fire Magic
    99 | D        | Reached XP level 2. HP: 17/17 MP: 3/5
   106 | D        | Learned a level 2 spell: Scorch
   146 | D        | Reached skill level 5 in Fire Magic
   146 | D        | Reached XP level 3. HP: 21/21 MP: 0/7
   242 | D        | Gained mutation: Your spells are a little harder to cast,
                  | but a little more powerful. [potion of mutation]
   242 | D        | Gained mutation: You sometimes lose your temper in combat.
                  | [potion of mutation]
   242 | D        | Gained mutation: You occasionally shout uncontrollably at
                  | your foes. [potion of mutation]
   242 | D        | Gained mutation: Your system is resistant to poisons.
                  | (rPois) [potion of mutation]
   259 | D        | Learned a level 3 spell: Inner Flame
   275 | D        | Noticed a water elemental
   278 | D        | Killed a water elemental
   279 | D        | Reached skill level 6 in Fire Magic
   279 | D        | Reached XP level 4. HP: 27/27 MP: 1/10
   366 | D        | Found a radiant altar of Vehumet.
   366 | D        | Found a shimmering blue altar of Sif Muna.
   366 | D        | Found an ancient bone altar of Kikubaaqudgha.
   366 | D        | Noticed a wizard
   370 | D        | Reached skill level 7 in Fire Magic
   370 | D        | Killed a wizard
   371 | D        | Reached XP level 5. HP: 31/31 MP: 2/12
   377 | D        | Became a worshipper of Sif Muna the Loreminder
   464 | D        | Found a glowing silver altar of Zin.
   464 | D        | Found a glowing golden altar of the Shining One.
   464 | D        | Found a white marble altar of Elyvilon.
   465 | D        | Noticed a deep elf pyromancer
   475 | D        | Killed a deep elf pyromancer
   476 | D        | Reached skill level 11 in Fire Magic
   476 | D        | Reached XP level 6. HP: 12/37 MP: 9/17
   476 | D        | Reached XP level 7. HP: 14/42 MP: 9/18
   511 | D        | Noticed a human
   512 | D        | Noticed a human
   514 | D        | Found a hide-covered altar of Uskayaw.
   521 | D        | Killed a human
   522 | D        | Reached skill level 1 in Fighting
   522 | D        | Reached skill level 5 in Dodging
   523 | D        | Killed a human
   523 | D        | Reached * piety under Sif Muna
   524 | D        | Reached skill level 12 in Fire Magic
   524 | D        | Reached XP level 8. HP: 10/48 MP: 6/21
   528 | D        | Found a bloodstained altar of Trog.
   528 | D        | Found an ornate altar of the Wu Jian Council.
   693 | D        | Found an iron altar of Okawaru.
   711 | D        | Found a basalt altar of Yredelemnul.
   711 | D        | Found a shadowy altar of Dithmenos.
   711 | D        | Found a sacrificial altar of Ru.
   788 | D        | Learned a level 4 spell: Flame Wave
   792 | D        | Learned a level 3 spell: Dazzling Flash
   796 | D        | Noticed a shadow
   798 | D        | Killed a shadow
   798 | D        | Reached ** piety under Sif Muna
   799 | D        | Reached skill level 10 in Spellcasting
   849 | D        | Found a blossoming altar of Fedhas.
   849 | D        | Found a stormy altar of Qazlal.
   849 | D        | Found a snail-covered altar of Cheibriados.
   849 | D        | Found a burning altar of Makhleb.
   849 | D        | Found a shimmering altar of Xom.
   889 | D        | Found a hazy altar of Hepliaklqana.
   889 | D        | Found an opulent altar of Gozag.
   889 | D        | Found a sparkling altar of Nemelex Xobeh.
   889 | D        | Found a corrupted altar of Lugonu.
   889 | D        | Found a viscous altar of Jiyva.
  1018 | D        | Noticed Snorg
  1042 | D        | Learned a level 3 spell: Volatile Blastmotes
  1280 | D        | Killed Snorg
  1281 | D        | Reached skill level 5 in Conjurations
  1281 | D        | Reached skill level 13 in Fire Magic
  1281 | D        | Reached XP level 9. HP: 54/54 MP: 13/24
  1373 | D        | Noticed an orc high priest
  1375 | D        | Reached *** piety under Sif Muna
  1423 | D        | Reached **** piety under Sif Muna
  1566 | D        | Reached ***** piety under Sif Muna
  1567 | D        | Reached skill level 14 in Fire Magic
  1569 | D        | Received a gift from Sif Muna
  1593 | D        | Got Sif Muna's Treatise on Indurated Intoxication {god
                  | gift}
  1679 | D        | Killed an orc high priest
  1731 | D        | Found Zoidd's Book Shoppe.
  1755 | D        | Bought the Enchiridion on Cankerous Weather for 520 gold
                  | pieces
  1755 | D        | Bought a book of Callings for 260 gold pieces
  1759 | D        | Learned a level 3 spell: Mephitic Cloud
  1763 | D        | Learned a level 3 spell: Summon Guardian Golem
  1770 | D        | Learned a level 6 spell: Plasma Beam
  1774 | D        | Learned a level 3 spell: Call Canine Familiar
  1776 | D        | Learned a level 1 spell: Summon Small Mammal
  1782 | D        | Noticed a deep elf zephyrmancer
  1782 | D        | Noticed a deep elf pyromancer
  1782 | D        | Noticed a deep elf pyromancer
  1782 | D        | Noticed a deep elf zephyrmancer
  1782 | D        | Noticed a deep elf zephyrmancer
  1809 | D        | Killed a deep elf zephyrmancer
  1809 | D        | Killed a deep elf pyromancer
  1809 | D        | Received a gift from Sif Muna
  1810 | D        | Reached skill level 1 in Hexes
  1810 | D        | Reached skill level 1 in Poison Magic
  1810 | D        | Reached XP level 10. HP: 48/60 MP: 9/27
  1821 | D        | Killed a deep elf zephyrmancer
  1822 | D        | Reached skill level 15 in Fire Magic
  1822 | D        | Killed a deep elf zephyrmancer
  1823 | D        | Killed a deep elf pyromancer
  1918 | D        | Learned a level 5 spell: Fireball
  1925 | D        | Noticed a deep elf demonologist
  1927 | D        | Noticed a deep elf demonologist
  1928 | D        | Noticed a deep elf demonologist
  1932 | D        | Noticed a deep elf death mage
  1973 | D        | Killed a deep elf demonologist
  1974 | D        | Killed a deep elf demonologist
  1975 | D        | Reached skill level 5 in Summonings
  1975 | D        | Reached skill level 5 in Invocations
  1975 | D        | Killed a deep elf death mage
  1976 | D        | Reached skill level 5 in Air Magic
  1976 | D        | Reached XP level 11. HP: 64/64 MP: 8/29
  2105 | D        | Killed a deep elf demonologist
  2105 | D        | Identified the staff "Qihetz" {rPois Dex+3 Conj}
  2105 | D        | Noticed a deep elf death mage
  2106 | D        | Killed a deep elf death mage
  2106 | D        | Received a gift from Sif Muna
  2107 | D        | Got Sif Muna's Grimoire of Destined Vapour {god gift}
  2206 | D        | Noticed a deep elf master archer
  2210 | D        | Identified the +0 robe of Hangman {rPois}
  2210 | D        | Noticed a deep elf annihilator
  2210 | D        | Shot with an arrow by a deep elf master archer

Illustrated notes

Levels and vault maps discovered:
D:        dungeon_sprint_mu [sprint_mu_entry_forest, sprint_mu_temple_rooms,
          sprint_mu_d1_horrors, sprint_mu_d2_genie, sprint_mu_d3_branching,
          sprint_mu_orc_legion, sprint_mu_elf_gauntlet, sprint_mu_hive_nellie,
          sprint_mu_lair_fedhas, sprint_mu_vaults_butterflies,
          sprint_mu_slime_circle, sprint_mu_swamp_cave, sprint_mu_snake_twists,
          sprint_mu_blade_basic, sprint_mu_crypt_fortress,
          sprint_mu_tomb_spiral, sprint_mu_vestibule_basic,
          sprint_mu_gehenna_hellfire, sprint_mu_dis_giant,
          sprint_mu_tartarus_statrot, sprint_mu_cocytus_islands, sprint_mu_zot1]

Skill      XL: |  1  2  3  4  5  6  7  8  9 10 11 |
---------------+----------------------------------+-----
Fire Magic     | 4 5 6 7 11 12 13 14 15 | 15.7
Dodging        | 3 4 5 |  5.6
Stealth        | 3 4 6 |  6.0
Spellcasting   | 4 8 9 11 13 14 | 14.5
Conjurations   | 2 3 5 7 8 9 |  9.2
Fighting       | 1 2 |  2.1
Hexes          | 1 2 |  2.4
Summonings     | 2 5 6 |  6.5
Air Magic      | 2 5 |  5.9
Poison Magic   | 1 2 3 |  3.1
Invocations    | 2 5 6 |  6.5

Action                     |  1- 3 |  4- 6 |  7- 9 | 10-12 || total
---------------------------+-------+-------+-------+-------++-------
  Melee: Dagger            |       |     5 |     6 |       ||    11
         Tentacles         |       |     1 |     6 |       ||     7
         Constrict         |       |     1 |     3 |       ||     4
         Punch             |       |       |     1 |       ||     1
   Fire: Sling             |     5 |       |       |       ||     5
   Cast: Foxfire           |     8 |       |    58 |     1 ||    67
         Scorch            |     4 |     6 |    27 |     1 ||    38
         Flame Wave        |       |       |     3 |     2 ||     5
         Inner Flame       |       |       |     2 |     2 ||     4
         Mephitic Cloud    |       |       |     6 |     1 ||     7
         Dazzling Flash    |       |       |     1 |       ||     1
         Summon Guardian G |       |       |     1 |       ||     1
         Fireball          |       |       |       |     9 ||     9
         Plasma Beam       |       |       |       |     1 ||     1
 Invoke: Channel Magic     |       |       |     1 |     1 ||     2
         Forget Spell      |       |       |       |     1 ||     1
    Use: Potion            |     1 |     1 |     3 |       ||     5
         Scroll            |       |     3 |     3 |       ||     6
   Stab: Sleeping          |       |     1 |       |       ||     1
  Dodge: Dodged            |     1 |     4 |    13 |     4 ||    22

Table legend: (Time is in decaauts)
 A = Elapsed time spent in this place.
 B = Non-inter-level travel time spent in this place.
 C = Inter-level travel time spent in this place.
 D = Time resting spent in this place.
 E = Time spent auto-exploring this place.
 F = Levels seen in this place.
 G = Mean time per level.
                   A        B        C        D        E       F      G
               +--------+--------+--------+--------+--------+-----+--------+
         Total |   2210 |   2210 |      0 |   1318 |     84 |   1 | 2210.0 |
       Dungeon |   2210 |   2210 |      0 |   1318 |     84 |   1 | 2210.0 |
               +--------+--------+--------+--------+--------+-----+--------+

Top non-repeatable levels by time:
       D: 2210 daAuts
